 Dungeon Crawl Stone Soup version 0.28.0 (webtiles) character file.

Game seed: 14038342095635633658

149 cbfl8 the Sneak (level 5, 0/46 HPs)
             Began as a Minotaur Delver on Feb 13, 2022.
             Slain by Grinder (3 damage)
             ... on level 5 of the Dungeon.
             The game lasted 00:02:06 (1028 turns).

cbfl8 the Sneak (Minotaur Delver)                   Turns: 1028, Time: 00:02:06

Health: 0/46       AC:  5    Str: 19    XL:     5   Next: 9%
Magic:  4/4        EV: 11    Int:  7    God:
Gold:   14         SH:  0    Dex: 11    Spells: 4/4 levels left

rFire   . . .      SeeInvis .   a - +0 hand axe
rCold   . . .      Faith    .   (no shield)
rNeg    . . .      Spirit   .   k - +0 ring mail
rPois   .          Reflect  .   (helmet restricted)
rElec   .          Harm     .   (no cloak)
rCorr   .          Rampage  .   (no gloves)
Will    .....                   (no boots)
Stlth   ++........              (no amulet)
HPRegen 0.15/turn               (no ring)
MPRegen 0.09/turn               (no ring)

@: no status effects
A: horns 2, retaliatory headbutt
a: no special abilities


You were on level 5 of the Dungeon.
You visited 1 branch of the dungeon, and saw 2 of its levels.

You collected 14 gold pieces.

Inventory:

Hand Weapons
 a - a +0 hand axe (weapon)
Missiles
 i - 3 boomerangs (quivered)
Armour
 b - a +0 leather armour
 k - a +0 ring mail (worn)
Wands
 g - a wand of digging (3)
Scrolls
 c - 2 scrolls of fog
 d - a scroll of magic mapping
 j - a scroll of blinking {unknown}
Potions
 f - a potion of haste
 h - a potion of curing {unknown}


   Skills:
 + Level 4.1 Fighting
 + Level 2.7 Axes
 + Level 0.5 Armour
 + Level 2.5 Dodging
 + Level 5.7 Stealth


You had 4 spell levels left.
You didn't know any spells.
Your spell library was empty.

Dungeon Overview and Level Annotations

Branches:
Dungeon (5/15)
 Temple: D:4-7

Altars:
Makhleb

Shops:
D:5 *

Annotations:
D:5 Grinder


Innate Abilities, Weirdness & Mutations

You have a pair of horns on your head.
You reflexively headbutt those who attack you in melee.


Message History

Found a leather armour.
There is a stone staircase leading down here.
You start resting.
You start resting.
HP restored.
You climb downwards.
Level annotation: Grinder
There is a stone staircase leading up here.
There is a stone staircase leading up here.
Grinder gestures at you. You resist with significant effort.
Grinder gestures at you. Pain shoots through your body!
Grinder gestures at you. Pain shoots through your body!
You closely miss Grinder. Grinder completely misses you.
You barely miss Grinder.
Grinder says, "Tell me all your secrets, or I'll kill you."
Grinder hits you but does no damage.
You hit Grinder.
Grinder is lightly wounded.
Grinder barely misses you.
You hit Grinder.
Grinder is lightly wounded.
Grinder hits you but does no damage.
You hit Grinder. You headbutt Grinder!
Grinder is moderately wounded.
Grinder hits you!
You writhe in agony.
You barely miss Grinder.
Grinder is moderately wounded.
Grinder closely misses you. Grinder hits you!
* * * LOW HITPOINT WARNING * * *
You writhe in agony.
* * * LOW HITPOINT WARNING * * *
You hit Grinder but do no damage. Your headbutt misses Grinder.
Grinder is moderately wounded.
Grinder hits you.
* * * LOW HITPOINT WARNING * * *
You writhe in agony.
You die...

.. ##.# #..# . #$.#
.. #..# ### ...
##..# ..## ....##
#.<# ...##
#...##..####.?..##
#.....@5.......#
#####.###.........#
##.###.#
####.......
##...##.# .....#.
##..<..#.# .....#
#.....)..# #...##
#### #.......# ..##
##..## ##......#
### ##....##
#......# #......#


You could see Grinder.

Vanquished Creatures
  A phantom (D:5)
  A crimson imp (D:5)
  A hound (D:5)
  A hound skeleton (D:5)
4 creatures vanquished.

Notes
Turn   | Place    | Note
-------+----------+-------------------------------------------
     0 | D:5      | cbfl8 the Minotaur Delver began the quest for the Orb.
     0 | D:5      | Reached XP level 1. HP: 19/19 MP: 0/0
    12 | D:5      | Reached XP level 2. HP: 19/27 MP: 1/1
   187 | D:5      | Found a burning altar of Makhleb.
   187 | D:5      | Noticed a crimson imp
   191 | D:5      | Killed a crimson imp
   192 | D:5      | Reached skill level 5 in Stealth
   192 | D:5      | Reached XP level 3. HP: 33/33 MP: 2/2
   234 | D:5      | Noticed a phantom
   259 | D:5      | Killed a phantom
   260 | D:5      | Reached XP level 4. HP: 10/40 MP: 3/3
   503 | D:5      | Found Fecamecroa's Overcharged Wands.
   558 | D:5      | Reached XP level 5. HP: 43/46 MP: 4/4
   723 | D:5      | Noticed Grinder
   731 | D:5      | Paralysed by Grinder for 7 turns
  1028 | D:5      | Slain by Grinder

Illustrated notes

Levels and vault maps discovered:
D:4:      layout_basic, grunt_qazlal_clouds, minmay_temple_entry_poolview,
          kennysheep_generic_room_5
D:5:      layout_cave_pods, makhleb_grotto_becter,
          nicolae_shop_overcharged_wands, uniq_grinder

Skill      XL: |  1  2  3 |
---------------+----------+-----
Stealth        | 5 |  5.7
Fighting       | 4 |  4.1
Axes           | |  2.7
Armour         | |  0.5
Dodging        | |  2.5

Action                   |  1- 3 |  4- 6 || total
-------------------------+-------+-------++-------
Melee: Hand axe          |    19 |    18 ||    37
       Headbutt          |     2 |     2 ||     4
       Punch             |     2 |       ||     2
  Use: Scroll            |       |     1 ||     1
Armor: Leather armour    |     5 |       ||     5
       Ring mail         |       |     5 ||     5
Dodge: Dodged            |    11 |    12 ||    23
